 Dungeon Crawl Stone Soup version 0.19.5 (webtiles) character file.

112 Lizzreth the Slasher (level 4, 0/35 HPs)
             Began as a Demonspawn Chaos Knight on Mar 17, 2017.
             Slain by an ufetubus (4 damage)
             ... summoned by Xom
             ... on level 2 of the Dungeon.
             The game lasted 00:06:18 (1545 turns).

Lizzreth the Slasher (Demonspawn Chaos Knight)      Turns: 1545, Time: 00:06:18

Health: 0/35       AC:  6    Str: 12    XL:     4   Next: 64%
Magic:  4/4        EV: 11    Int: 14    God:    Xom [*.....]
Gold:   64         SH:  0    Dex: 13    Spells: 0 memorised, 3 levels left

rFire  . . .     SeeInvis .     a - +0 falchion (chaos)
rCold  + . .     Gourm    .     b - +3 leather armour
rNeg   . . .     Faith    .     (no shield)
rPois  .         Spirit   .     (no helmet)
rElec  .         Reflect  .     (no cloak)
rCorr  .         Harm     .     (no gloves)
MR     .....                    (no boots)
Stlth  +.........               (no amulet)
                                (no ring)
                                (no ring)

@: flying
A: cold resistance 1, freezing cloud immunity
a: Renounce Religion


You were on level 2 of the Dungeon.
You worshipped Xom.
You were a special plaything of Xom.
You were not hungry.

You visited 1 branch of the dungeon, and saw 2 of its levels.

You collected 64 gold pieces.

Inventory:

Hand Weapons
 a - a +0 falchion of chaos (weapon)
Armour
 b - a +3 leather armour (worn)
 h - a +0 ring mail
Wands
 e - a wand of acid (11/15)
Scrolls
 j - a scroll of fog
 l - a scroll of identify {unknown}
Potions
 d - a potion of flight
 f - a potion of curing {unknown}
Comestibles
 c - 5 bread rations
 i - a meat ration
 k - a chunk of flesh


   Skills:
 - Level 3.0 Fighting
 + Level 5.0 Long Blades
 - Level 1.7 Armour
 - Level 0.8 Dodging


You had 3 spell levels left.
You didn't know any spells.

Dungeon Overview and Level Annotations

Branches:
Dungeon (2/15)

Altars:


Innate Abilities, Weirdness & Mutations

Your flesh is cold resistant. (rC+)
You are immune to freezing clouds.


Message History

The ufetubus hits you but does no damage.
The ufetubus barely misses you. The iron imp hits you!
You hit the iron imp but do no damage.
The iron imp is moderately wounded.
The ufetubus misses you.
You riposte.
You hit the ufetubus but do no damage.
The ufetubus hits you but does no damage.
The iron imp completely misses you. The ufetubus misses you.
The ufetubus closely misses you.
You hit the iron imp but do no damage.
The iron imp is moderately wounded.
The iron imp barely misses you. The ufetubus barely misses you.
You riposte.
You barely miss the ufetubus. The ufetubus barely misses you.
The iron imp hits you!
* * * LOW HITPOINT WARNING * * *
A shower of butterflies erupts from you!
It was a potion of flight.
You feel very buoyant.
You fly up into the air.
The ufetubus hits you.
You die... "What!?
That's it?"

....# +..........#### ....#
#.#..............
....#############.#..............
....'.............+..............
....####..........#..............
....# #.........................
##### #.........................
#........bb...............
########.......5@bb...........###
.................5......#.....#
........................#.....#
............######...####.....#
............# #...# #.....#
............# ##### #.....#
............# #.....#
............# ............#


You could see an iron imp and an ufetubus.

Vanquished Creatures
  Ijyb (D:2)
  3 adders (D:2)
  An ooze (D:2)
  A worm (D:2)
  2 dart slugs
  2 leopard geckos (D:1)
  6 bats
  3 giant cockroaches
  5 goblins
  8 hobgoblins
  A ball python (D:1)
  4 frilled lizards
  A kobold (D:1)
  8 rats
46 creatures vanquished.

Notes
Turn   | Place    | Note
-------+----------+-------------------------------------------
     0 | D:1      | Lizzreth the Demonspawn Chaos Knight began the quest for the Orb.
     0 | D:1      | Reached XP level 1. HP: 18/18 MP: 1/1
    31 | D:1      | Reached skill level 3 in Long Blades
    56 | D:1      | XOM: divination: detect items
   347 | D:1      | XOM: harmless Divn miscast
   348 | D:1      | Gained mutation: Your flesh is cold resistant. (rC+) [demonic ancestry]
   348 | D:1      | Reached XP level 2. HP: 24/24 MP: 2/2
   612 | D:1      | XOM: harmless Conj miscast
   653 | D:1      | Gained mutation: You are immune to freezing clouds. [demonic ancestry]
   653 | D:1      | Reached XP level 3. HP: 27/29 MP: 3/3
   841 | D:1      | XOM: silly message
   966 | D:2      | XOM: blink monster(s)
   984 | D:2      | XOM: mild Hex miscast
  1031 | D:2      | Reached skill level 4 in Long Blades
  1116 | D:2      | XOM: smoke on damage
  1391 | D:2      | Noticed Ijyb
  1401 | D:2      | Killed Ijyb
  1401 | D:2      | Reached XP level 4. HP: 25/35 MP: 4/4
  1506 | D:2      | Reached skill level 5 in Long Blades
  1537 | D:2      | XOM: summons 2 hostile demons
  1544 | D:2      | XOM: butterfly on damage
  1545 | D:2      | Slain by an ufetubus

Skill      XL: |  1  2  3  4 |
---------------+-------------+-----
Long Blades    | 3 4 5 |  5.0
Fighting       | |  3.0
Armour         | |  1.7
Dodging        | |  0.8

Action                   |  1- 3 |  4- 6 || total
-------------------------+-------+-------++-------
Melee: Falchion          |   113 |    19 ||   132
  Use: Scroll            |     1 |     2 ||     3
       Potion            |       |     1 ||     1
 Stab: Confused          |     2 |       ||     2
       Petrifying        |     2 |       ||     2
       Sleeping          |     1 |       ||     1
  Eat: Chunk             |     1 |     1 ||     2
Armor: Leather armour    |    39 |    13 ||    52
Dodge: Dodged            |    63 |    26 ||    89
       Rpst.: Falchion   |    21 |    10 ||    31
